 Dungeon Crawl Stone Soup version 0.27-a0-1312-g5cdb2b3542 (webtiles) character file.

Game seed: 7391457916404853617

16 spiderkeys the Skirmisher (level 2, -3/21 HPs)
             Began as an Octopode Abyssal Knight on June 20, 2021.
             Was a Follower of Lugonu.
             Slain by an ufetubus (4 damage)
             ... on level 2 of the Abyss.
             The game lasted 00:01:07 (177 turns).

spiderkeys the Skirmisher (Octopode Abyssal Knight)  Turns: 177, Time: 00:01:08

Health: -3/21      AC:  1    Str: 11    XL:     2   Next: 54%
Magic:  3/3        EV: 13    Int: 14    God:    Lugonu [*.....]
Gold:   0          SH:  0    Dex: 11    Spells: 1/1 levels left

rFire    . . .     SeeInvis .   a - +1 spear
rCold    . . .     Faith    .   (no shield)
rNeg     . . .     Spirit   .   (helmet restricted)
rPois    .         Reflect  .   (no amulet)
rElec    .         Harm     .   (no ring)
rCorr    .         Rampage  .   (no ring)
Will     .....                  (no ring)
Stlth    ++........             (no ring)
HPRegen  0.07/turn              (no ring)
MPRegen  0.08/turn              (no ring)
                                (no ring)
                                (no ring)

@: no status effects
A: almost no armour, amphibious, 8 rings, camouflage 1, gelatinous body 1,
(nimble swimmer 1), tentacles
a: Renounce Religion, Depart the Abyss


You were on level 2 of the Abyss.
You worshipped Lugonu.
Lugonu was aware of your devotion.
You visited 0 branches of the dungeon, and saw 0 of its levels.
You visited the Abyss 1 time.


Innate Abilities, Weirdness & Mutations

You cannot wear most types of armour.
You are amphibious.
You can wear up to eight rings at the same time.
Your skin changes colour to match your surroundings (Stealth+).
Your rubbery body absorbs attacks. (AC +1, EV +1)
((You are camouflaged near water. (Stealth+)))
You have tentacles for arms and can constrict up to eight enemies at once.


   Skills:
 + Level 3.2 Fighting
 + Level 2.2 Polearms
 + Level 2.6 Dodging
 + Level 2.3 Invocations


You had one spell level left.
You didn't know any spells.
Your spell library contained the following spells:

 Spells                   Type           Power      Damage    Failure   Level
 Corona                   Hex            0%         N/A       28%         1
 Ensorcelled Hibernation  Hex/Ice        0%         N/A       41%         2
 Confusing Touch          Hex            0%         N/A       65%         3
 Dazzling Flash           Conj/Hex       0%         N/A       65%         3
 Tukima's Dance           Hex            0%         N/A       65%         3

Inventory:

Hand Weapons
 a - a +1 spear (weapon)
Wands
 c - a wand of charming (3)
   (You found it on level 2 of the Abyss)
Scrolls
 d - a scroll of holy word {unknown}
Potions
 b - a potion of curing {unknown}

Dungeon Overview and Level Annotations

Branches:
Dungeon (0/15)

Altars:

## ## #. . # ##. # ##.
#..### #. . #.# #.###
.## ####.# .#.##....##
#@.##....### .....
#....5#.#....#.##...##
#.#.....##. ##.#.#.
#.. #.........###
##x....# #.#.#...###.
.##.#. .# ........#.
###.. .#.. #
####...#.# #...
##..#.. ..... #
#...##.##.. ###.. #.
#. ...#


You could see an ufetubus.


Message History

Attack!
An ufetubus comes into view.
Your Executioner hits the small abomination!!
The small abomination is destroyed!
You have reached level 2! 😕 HP[+5] MP[+1]
You now have 21 max hp (+5).
You regained 5 hp, and now have 19/21 hp.
Your mp is fully restored (3).
Your small abomination dissolves into shadows!
Your Executioner dissolves into shadows!
A small abomination comes into view.
The ufetubus barely misses you. x2
What are your orders? t - Shout!
Orders for allies: a - Attack new target. r - Retreat! s - Stop attacking. g - Guard the area. f - Follow me.
Anything else - Cancel.
Gang up on whom?
Press: ? - help, Dir - move target, f - ufetubus
Aim: an ufetubus Attack!
The ufetubus closely misses you. The ufetubus hits you.
The small abomination barely misses your small abomination.
The ufetubus hits you.
The ufetubus barely misses you. 😮 HP[-8]
You take 8 damage, and now have 11/21 hp.
MASSIVE DAMAGE!! (PAUSE)
Something hits your small abomination but does no damage. x2
Reach: a) +1 spear
Press: ? - help, Dir - move target, f - small abomination
Aim: a small abomination (about 31% to evade your +1 spear)
You reach to attack!
You hit the small abomination but do no damage.
Something hits your small abomination.
Something hits your small abomination but does no damage.
The small abomination hits your small abomination.
Your small abomination hits the small abomination but does no damage.
Something barely misses your small abomination.
Something hits your small abomination.
Reach: a) +1 spear
Press: ? - help, Dir - move target, f/p - small abomination
Aim: a small abomination (ally target, about 31% to evade your +1 spear)
You could not reach far enough!
The small abomination closely misses your small abomination.
Something hits your small abomination.
Something barely misses your small abomination.
Your small abomination barely misses the small abomination.
The small abomination hits your small abomination!
Reach: a) +1 spear
Press: ? - help, Dir - move target, f/p - small abomination
Aim: a small abomination (ally target, about 31% to evade your +1 spear)
You could not reach far enough!
Something hits your small abomination.
Something barely misses your small abomination.
The small abomination hits your small abomination but does no damage.
Your small abomination hits the small abomination!
Reach: a) +1 spear
Press: ? - help, Dir - move target, f/p - small abomination
Aim: a small abomination (moderately damaged, ally target, about 31% to evade your +1 spear)
You reach to attack!
You catch the helpless small abomination completely off-guard!
You hit the small abomination.
Something hits your small abomination but does no damage.
Something hits your small abomination.
The small abomination hits your small abomination!
Your small abomination is destroyed!
The ufetubus closely misses you. x2 😮 HP[+1]
The ufetubus barely misses you. The ufetubus hits you.
* * * LOW HITPOINT WARNING * * *
😨 HP[-4]
You take 4 damage, and now have 8/21 hp.
The ufetubus barely misses you. The ufetubus closely misses you.
The ufetubus hits you.
* * * LOW HITPOINT WARNING * * *
The ufetubus closely misses you. 😱 HP[-4]
You take 4 damage, and now have 4/21 hp.
The ufetubus misses you. The ufetubus hits you.
* * * LOW HITPOINT WARNING * * *
You see here a wand of charming (6). 😱 HP[-3]
You take 3 damage, and now have 1/21 hp.
c - a wand of charming (6)
The ufetubus hits you but does no damage.
The ufetubus barely misses you.
Aiming: Charm
Press: ? - help, Shift-Dir - straight line, f - ufetubus
Aim: an ufetubus (chance to affect: 54%)
The ufetubus resists with significant effort.
Aiming: Charm
Press: ? - help, Shift-Dir - straight line, f/p - ufetubus
Aim: an ufetubus (chance to affect: 54%)
The ufetubus resists with significant effort.
Aiming: Charm
Press: ? - help, Shift-Dir - straight line, f/p - ufetubus
Aim: an ufetubus (chance to affect: 54%)
The ufetubus resists with significant effort.
The ufetubus closely misses you. The ufetubus hits you.
You die...

Action                   || total
-------------------------++-------
Melee: Spear             ||     2
Evoke: Wand              ||     3
  Use: Scroll            ||     1
 Stab: Distracted        ||     1
Armor: Skin              ||     1
Dodge: Dodged            ||    13

Levels and vault maps discovered:
Abyss:2:  base: Temple, hangedman_cross_veins

Notes
Turn   | Place    | Note
-------+----------+-------------------------------------------
     0 | Abyss:1  | spiderkeys the Octopode Abyssal Knight began the quest for
                  | the Orb.
     0 | Abyss:1  | Reached XP level 1. HP: 16/16 MP: 2/2
     0 | Abyss:1  | magus.rc [v1.9.10]
     6 | Abyss:1  | Found a corrupted altar of Lugonu.
    77 | Abyss:1  | Found a corrupted altar of Lugonu.
    79 | Abyss:1  | Noticed a starcursed mass
    99 | Abyss:1  | You pick up a book of Maledictions and begin reading...
    99 | Abyss:1  | You add the spells Corona, Ensorcelled Hibernation,
                  | Confusing Touch, Tukima's Dance and Dazzling Flash to your
                  | library.
   151 | Abyss:2  | Noticed a small abomination
   153 | Abyss:2  | Killed a small abomination
   154 | Abyss:2  | Reached XP level 2. HP: 19/21 MP: 3/3
   156 | Abyss:2  | Noticed a small abomination
   169 | Abyss:2  | HP: 4/21 [ufetubus (4)]
   171 | Abyss:2  | HP: 1/21 [ufetubus (3)]
   177 | Abyss:2  | Slain by an ufetubus

Vanquished Creatures (collateral kills)
  A small abomination (Abyss:2)
1 creature vanquished.

Table legend:
 A = Non-vault XP
 B = Vault XP
 C = Vault XP percentage of total XP
 D = Non-vault monster count
 E = Vault monster count
 F = Vault count percentage of total count
                 A         B        C        D         E       F
            +---------+---------+-------+---------+---------+-------
      Total |      23 |       0 |   0.0 |       1 |       0 |   0.0
            +---------+---------+-------+---------+---------+-------
    Abyss:2 |      23 |       0 |   0.0 |       1 |       0 |   0.0
            +---------+---------+-------+---------+---------+-------

Illustrated notes

Table legend:
 A = Kills in this place as a percentage of kills in entire the game.
 B = Kills by you in this place as a percentage of kills by you in the entire game.
 C = Kills by friends in this place as a percentage of kills by friends in the entire game.
 D = Other kills in this place as a percentage of other kills in the entire game.
 E = Experience gained in this place as a percentage of experience gained in the entire game.
 F = Experience gained in this place divided by the number of levels of this place that you have seen.
                   A       B       C       D       E      F
               +-------+-------+-------+-------+-------+----------------------
         Total | 100.0 |   N/A | 100.0 |   N/A | 100.0 |  11.5
         Abyss | 100.0 |   N/A | 100.0 |   N/A | 100.0 |  11.5
               +-------+-------+-------+-------+-------+----------------------

Table legend: (Time is in decaauts)
 A = Elapsed time spent in this place.
 B = Non-inter-level travel time spent in this place.
 C = Inter-level travel time spent in this place.
 D = Time resting spent in this place.
 E = Time spent auto-exploring this place.
 F = Levels seen in this place.
 G = Mean time per level.
                   A        B        C        D        E       F      G
               +--------+--------+--------+--------+--------+-----+--------+
         Total |    176 |    176 |      0 |      0 |     79 |   2 |   88.0 |
         Abyss |    176 |    176 |      0 |      0 |     79 |   2 |   88.0 |
               +--------+--------+--------+--------+--------+-----+--------+

Top non-repeatable levels by time:
 Abyss:1: 103 daAuts
 Abyss:2: 73 daAuts
